 Dungeon Crawl Stone Soup version 0.30-a0-1016-gfb0d676c02 (webtiles) character file.

Game seed: 18400488492218392416

2322 DeathPants the Ruffian (level 9, -8/69 HPs)
             Began as a Demonspawn Transmuter on Apr 6, 2023.
             Was an Initiate of Gozag.
             Mangled by a boulder beetle (19 damage)
             ... on level 6 of the Dungeon.
             The game lasted 00:18:36 (6731 turns).

DeathPants the Ruffian (Demonspawn Transmuter)      Turns: 6731, Time: 00:18:37

Health: -8/69      AC:  8    Str: 14    XL:     9   Next: 19%
Magic:  13/13      EV: 14    Int: 16    God:    Gozag
Gold:   446        SH:  0    Dex: 13    Spells: 11/14 levels left

rFire   . . .      SeeInvis .      - Unarmed
rCold   + . .      Faith    .    (no shield)
rNeg    . . .      Spirit   .    s - +1 robe {rC+}
rPois   .          Reflect  .    (no helmet)
rElec   .          Rampage  .    j - +1 cloak
rCorr   .                        l - +0 pair of gloves
Will    .....                    (no boots)
Stlth   +                        a - amulet of magic regeneration
HPRegen 0.31/turn                (no ring)
MPRegen 0.53/turn                (no ring)

@: about to teleport
A: thin metallic scales 1, demonic guardian 1, weakness stinger 2
a: Renounce Religion, Potion Petition, Call Merchant, Bribe Branch


You were on level 6 of the Dungeon.
You worshipped Gozag.
Gozag was aware of your devotion.
You visited 2 branches of the dungeon, and saw 9 of its levels.

You collected 558 gold pieces.
You paid 112 gold pieces to Gozag.

Inventory:

Missiles
 f - 12 poisoned darts
Armour
 j - a +1 cloak (worn)
 l - a +0 pair of gloves (worn)
 s - a +1 robe of cold resistance (worn)
Jewellery
 a - an amulet of magic regeneration (around neck)
 p - a ring of ice
Wands
 o - a wand of mindburst (22)
 q - a wand of roots (6)
Scrolls
 c - a scroll of fog
 d - 2 scrolls of amnesia
 g - 2 scrolls of enchant weapon
 m - a scroll of identify
Potions
 b - 2 potions of lignification
 e - a potion of attraction
 i - a potion of brilliance
 k - 3 potions of curing


   Skills:
 + Level 6.0 Fighting
 + Level 5.7 Dodging
 * Level 7.4 Unarmed Combat
 - Level 3.0 Spellcasting
 - Level 4.0 Transmutations


You had 11 spell levels left.
You knew the following spells:

 Your Spells              Type           Power      Damage    Failure   Level
a - Beastly Appendage     Tmut           30%        N/A       3%          1
b - Wereblood             Tmut           15%        N/A       5%          2

Your spell library contained the following spells:

 Spells                   Type           Power      Damage    Failure   Level
 Spider Form              Tmut/Pois      8%         N/A       24%         3
 Lesser Beckoning         Tloc           4%         N/A       28%         2
 Gell's Gravitas          Tloc           2%         N/A       50%         3
 Stone Arrow              Conj/Erth      4%         3d7       50%         3
 Teleport Other           Tloc           2%         N/A       50%         3
 Ice Form                 Ice/Tmut       8%         N/A       63%         4
 Animate Armour           Summ/Erth      4%         N/A       88%         4
 Lehudib's Crystal Spear  Conj/Erth      1%         10d2      100%        8


Dungeon Overview and Level Annotations

Branches:
Dungeon (8/15)             Temple (1/1) D:5
   Lair: D:8-11

Altars:
Ashenzari
Cheibriados
Dithmenos
Fedhas
Gozag
Hepliaklqana
Kikubaaqudgha
Makhleb
Nemelex Xobeh
Okawaru
Qazlal
Ru
Sif Muna
Trog
Uskayaw
Vehumet
Wu Jian
Xom
Yredelemnul

Shops:
D:5 *


Innate Abilities, Weirdness & Mutations

You are partially covered in thin metallic scales. (AC +2)
A weak demonic guardian rushes to your aid.
You have a tail ending in a sharp stinger.


Message History

The boulder beetle bites you!!
* * * LOW HITPOINT WARNING * * *
You feel much better.
Your transformation is almost over.
The boulder beetle looks more healthy.
The boulder beetle bites you!
* * * LOW HITPOINT WARNING * * *
You hit the boulder beetle but do no damage.
You claw the boulder beetle.
The boulder beetle is severely wounded.
The boulder beetle bites you but does no damage.
You hit the boulder beetle but do no damage.
You claw the boulder beetle.
The boulder beetle is severely wounded.
The boulder beetle bites you.
* * * LOW HITPOINT WARNING * * *
You hit the boulder beetle but do no damage.
You claw the boulder beetle. You headbutt the boulder beetle.
The boulder beetle is severely wounded.
You hit the boulder beetle.
You claw the boulder beetle, but do no damage.
You headbutt the boulder beetle.
You tail-slap the boulder beetle, but do no damage.
The boulder beetle is almost dead.
The boulder beetle bites you.
* * * LOW HITPOINT WARNING * * *
The boulder beetle curls into a ball and begins rolling!
There is a large open door, spattered with blood here.
The boulder beetle misses you.
The boulder beetle stops rolling and uncurls.
As you read the scroll of teleportation, it crumbles to dust.
You feel strangely unstable.
The boulder beetle bites you but does no damage.
You barely miss the boulder beetle.
You claw the boulder beetle, but do no damage.
You headbutt the boulder beetle, but do no damage.
The boulder beetle is severely wounded.
Your horns disappear.
Your talons disappear.
The boulder beetle bites you!!
You die...
Your body crumbles into a pile of gold.

≈≈≈≈§≈# #......###
§§≈≈≈≈§## ###......#
≈§≈≈≈§§≈# #>.....#
§§≈≈≈§§≈# ##.....#
≈≈≈≈§≈≈≈### #.....# $
...§§..$'.# #.....# $
.((§..°$'.# #.....#
≈≈§§§§≈≈#B## #.....####
≈≈§§§≈≈≈#?@####.........
≈§≈§§§≈≈##..............
§≈§≈§≈≈###..............
≈§≈§§§# #..............
≈≈≈§§# #..............
≈≈≈≈# #..............
#..............
#.......#######
#.......#


You could see a boulder beetle.

Vanquished Creatures
  A hornet (D:4)
  Sigmund (D:5)
  Eustachio (D:6)
  Duvessa (D:5)
  2 water moccasins (D:5)
  An ice beast (D:7)
  A centaur (D:6)
  A bullfrog (D:6)
  4 scorpions
  3 wights (D:7)
  Dowan (D:5)
  A jelly (D:6)
  3 hounds
  2 gnoll boudas
  A sleepcap (D:5)
  2 iguanas
  8 orc wizards
  8 gnolls
  5 adders
  An ufetubus (D:7)
  2 worms
  3 dart slugs
  16 orcs
  7 ball pythons
  7 endoplasms
  2 giant cockroaches (D:3)
  5 goblins
  3 hobgoblins
  10 jackals
  6 quokkas
  8 bats
  6 frilled lizards
  4 kobolds
  5 rats
132 creatures vanquished.

Vanquished Creatures (collateral kills)
  A centaur (D:7)
  A wight (D:7)
2 creatures vanquished.

Grand Total: 134 creatures vanquished

Notes
Turn   | Place    | Note
-------+----------+-------------------------------------------
     0 | D:1      | DeathPants the Demonspawn Transmuter began the quest for
                  | the Orb.
     0 | D:1      | Reached XP level 1. HP: 15/15 MP: 3/3
    41 | D:1      | Gained mutation: You are partially covered in thin metallic
                  | scales. (AC +2) [demonic ancestry]
    41 | D:1      | Reached XP level 2. HP: 18/21 MP: 3/5
   513 | D:1      | Reached XP level 3. HP: 19/26 MP: 4/6
   630 | D:1      | Reached skill level 3 in Unarmed Combat
  1237 | D:2      | Learned a level 2 spell: Wereblood
  1609 | D:3      | Reached XP level 4. HP: 26/33 MP: 4/7
  1966 | D:3      | Reached XP level 5. HP: 36/38 MP: 7/9
  2671 | D:4      | Noticed a hornet
  2677 | D:4      | Paralysed by a hornet for 1 turns
  2683 | D:4      | Killed a hornet
  2684 | D:4      | Gained mutation: You have a small tail. [demonic ancestry]
  2684 | D:4      | Reached XP level 6. HP: 23/47 MP: 10/10
  2988 | D:4      | Reached skill level 4 in Unarmed Combat
  3243 | D:5      | Entered Level 5 of the Dungeon
  3364 | D:5      | Reached XP level 7. HP: 23/52 MP: 9/11
  4029 | D:5      | Noticed Sigmund
  4034 | D:5      | Killed Sigmund
  4094 | D:5      | Found a staircase to the Ecumenical Temple.
  4100 | Temple   | Entered the Ecumenical Temple
  4381 | D:5      | Found an opulent altar of Gozag.
  4424 | D:5      | Became a worshipper of Gozag Ym Sagoz the Greedy
  4541 | D:5      | Found Zousm's Gadget Gallery.
  4574 | D:6      | Noticed Eustachio
  4595 | D:5      | Reached skill level 5 in Unarmed Combat
  4759 | D:6      | Killed Eustachio
  4760 | D:6      | Gained mutation: A weak demonic guardian rushes to your
                  | aid. [demonic ancestry]
  4760 | D:6      | Reached XP level 8. HP: 54/61 MP: 12/12
  5253 | D:5      | Noticed Dowan
  5290 | D:5      | Killed Dowan
  5306 | D:5      | Noticed Duvessa
  5321 | D:5      | Killed Duvessa
  5416 | D:5      | Reached skill level 5 in Fighting
  5416 | D:5      | Reached skill level 6 in Unarmed Combat
  5574 | D:5      | Reached skill level 5 in Dodging
  5874 | D:6      | You fall into a shaft and drop 2 floors!
  6085 | D:7      | Reached skill level 7 in Unarmed Combat
  6283 | D:7      | Gained mutation: You have a tail ending in a sharp stinger.
                  | [demonic ancestry]
  6283 | D:7      | Reached XP level 9. HP: 65/65 MP: 13/13
  6709 | D:6      | Noticed a boulder beetle
  6731 | D:6      | Mangled by a boulder beetle

Illustrated notes

Levels and vault maps discovered:
D:1:      dpeg_arrival_simpleton_c, layout_rooms
D:2:      layout_loops_cross, minmay_octomino_e4
D:3:      layout_loops_cross, mainiacjoe_overflow_small_starburst,
          due_unseen_surprise
D:4:      layout_basic
D:5:      layout_basic, nicolae_gozag_seed_capital, minmay_temple_entry_wispy,
          nicolae_shop_gadgets, uniq_duvessa, uniq_sigmund
D:6:      kennysheep_big_flooded_room, layout_basic, serial_shops,
          nicolae_square_shop, uniq_eustachio
D:7:      lemuel_insect_pit, layout_loops_ring, chequers_serial_rivers_micro_a
D:8:      layout_loops_corners, lair_entry_dummy
Temple:   nicolae_temple_slightly_damp_pantheon

Skill      XL: |  1  2  3  4  5  6  7  8  9 |
---------------+----------------------------+-----
Dodging        | 2 3 4 5 |  5.7
Transmutations | 2 3 4 |  4.0
Unarmed Combat | 3 4 5 7 |  7.4
Fighting       | 2 3 4 5 6 |  6.0
Spellcasting   | 3 |  3.0

Action                     |  1- 3 |  4- 6 |  7- 9 || total
---------------------------+-------+-------+-------++-------
  Melee: Unarmed           |   134 |   154 |   265 ||   553
         Kick              |    29 |    20 |    85 ||   134
         Headbutt          |    10 |    17 |    47 ||    74
         Punch             |     3 |     3 |     9 ||    15
         Tailslap          |       |     4 |    43 ||    47
  Throw: Dart              |       |     3 |     3 ||     6
   Cast: Beastly Appendage |    24 |    15 |    26 ||    65
         Wereblood         |     1 |     1 |     6 ||     8
  Evoke: Wand              |       |       |     1 ||     1
    Use: Scroll            |     9 |     4 |     2 ||    15
         Potion            |       |     2 |     7 ||     9
   Stab: Sleeping          |     1 |     1 |     1 ||     3
         Distracted        |       |       |     1 ||     1
         Invisible         |       |       |     4 ||     4
 Armour: Robe              |    52 |    47 |    77 ||   176
  Dodge: Dodged            |    97 |    78 |   146 ||   321

Table legend: (Time is in decaauts)
 A = Elapsed time spent in this place.
 B = Non-inter-level travel time spent in this place.
 C = Inter-level travel time spent in this place.
 D = Time resting spent in this place.
 E = Time spent auto-exploring this place.
 F = Levels seen in this place.
 G = Mean time per level.
                   A        B        C        D        E       F      G
               +--------+--------+--------+--------+--------+-----+--------+
         Total |   6673 |   6562 |    111 |    352 |   4614 |   9 |  741.4 |
       Dungeon |   6489 |   6396 |     93 |    352 |   4470 |   8 |  811.1 |
        Temple |    183 |    165 |     18 |      0 |    144 |   1 |  183.0 |
               +--------+--------+--------+--------+--------+-----+--------+

Top non-repeatable levels by time:
     D:5: 1544 daAuts
     D:4: 1492 daAuts
     D:3: 950 daAuts
     D:1: 843 daAuts
     D:2: 664 daAuts
     D:7: 581 daAuts
     D:6: 407 daAuts
  Temple: 183 daAuts
     D:8: 5 daAuts
